[Event "European Online Club-ch-I 2021"]
[Site "Online"]
[Date "2021.03.27"]
[Round "3.5"]
[White "Saric, Ivan"]
[Black "Moranda, Wojciech"]
[Result "1-0"]
[ECO "B47"]
[WhiteElo "2648"]
[BlackElo "2618"]
[Annotator "ChessBase"]
[PlyCount "103"]
[EventDate "2021.03.27"]
[EventType "team-tourn"]
[EventCountry "NET"]
[SourceTitle "playchess.com"]
[Source "ChessBase"]
[SourceQuality "1"]
[TimeControl "900+5"]

1. e4 c5 2. Nf3 e6 3. d4 cxd4 4. Nxd4 Nc6 5. Nc3 Qc7 6. g3 a6 7. Bg2 Nf6 8. O-O h5 9. Nxc6 dxc6 10. e5 Qxe5 11. Bf4 Qa5 12. Re1 Be7 13. Re5 Qd8 14. Qe2 Bd7 15. Rd1 Ng4 16. Ne4 Nxe5 17. Bxe5 f6 18. Bd6 O-O 19. Nc5 Bxd6 20. Rxd6 Qe7 21. Rxd7 Qxc5 22. Rxb7 Rad8 23. Qxe6+ Kh8 24. Be4 Rd2 25. Qf5 Qxf5 26. Bxf5 Rd5 27. Bd3 a5 28. Rc7 Rc5 29. h4 Rb8 30. b3 Rd8 31. Kg2 Kg8 32. Bg6 Rf8 33. Be4 Re8 34. Bg6 Rf8 35. c4 f5 36. Bxh5 f4 37. Bf3 fxg3 38. fxg3 Rf6 39. g4 Kf8 40. g5 Rd6 41. Rc8+ Ke7 42. Rc7+ Rd7 43. Rxd7+ Kxd7 44. Kg3 Re5 45. Kf4 Re1 46. h5 Kd6 47. h6 gxh6 48. gxh6 Re6 49. h7 Rh6 50. Be4 Ke6 51. Kg5 Rh2 52. Bg6 1-0

[Event "European Online Club-ch-I 2021"]
[Site "Online"]
[Date "2021.03.27"]
[Round "3.6"]
[White "Socko, Bartosz"]
[Black "Heberla, Bartlomiej"]
[Result "1-0"]
[ECO "E06"]
[WhiteElo "2618"]
[BlackElo "2556"]
[Annotator "ChessBase"]
[PlyCount "79"]
[EventDate "2021.03.27"]
[EventType "team-tourn"]
[EventCountry "NET"]
[SourceTitle "playchess.com"]
[Source "ChessBase"]
[SourceQuality "1"]
[TimeControl "900+5"]

1. d4 d5 2. Nf3 e6 3. c4 a6 4. Nbd2 Nf6 5. g3 c5 6. Bg2 Nc6 7. dxc5 Bxc5 8. O-O O-O 9. a3 a5 10. cxd5 exd5 11. Nb3 Bb6 12. Nbd4 Nxd4 13. Nxd4 Re8 14. Be3 Ng4 15. Bf4 Qf6 16. Nf3 d4 17. h3 Nh6 18. Qd2 Nf5 19. Rad1 h6 20. g4 Nh4 21. Nxh4 Qxh4 22. Qd3 Qf6 23. Bg3 h5 24. Qb5 Qd8 25. Bh4 f6 26. Qxh5 Re5 27. Qxe5 fxe5 28. Bxd8 Bxd8 29. Bd5+ Kh7 30. f4 exf4 31. Rxf4 Bf6 32. g5 Bxg5 33. Rf8 Be3+ 34. Kh2 g5 35. Rdf1 Bf4+ 36. R1xf4 gxf4 37. Be6 f3 38. exf3 d3 39. Rxc8 d2 40. Rc7+ 1-0

[Event "European Online Club-ch-I 2021"]
[Site "Online"]
[Date "2021.03.27"]
[Round "3.7"]
[White "Polak, Tomas"]
[Black "Tomczak, Jacek"]
[Result "1/2-1/2"]
[ECO "D85"]
[WhiteElo "2553"]
[BlackElo "2610"]
[Annotator "ChessBase"]
[PlyCount "109"]
[EventDate "2021.03.27"]
[EventType "team-tourn"]
[EventCountry "NET"]
[SourceTitle "playchess.com"]
[Source "ChessBase"]
[SourceQuality "1"]
[TimeControl "900+5"]

1. d4 Nf6 2. c4 g6 3. Nc3 d5 4. cxd5 Nxd5 5. e4 Nxc3 6. bxc3 Bg7 7. Nf3 c5 8. Rb1 O-O 9. Be2 b6 10. O-O e6 11. Bg5 Qc7 12. Qd2 Bb7 13. d5 exd5 14. exd5 Qd6 15. c4 Nd7 16. Rfe1 Rfe8 17. a4 Ne5 18. a5 Ba6 19. axb6 axb6 20. Bf4 Nxf3+ 21. Bxf3 Be5 22. Bxe5 Rxe5 23. Qc3 Rxe1+ 24. Rxe1 b5 25. cxb5 Bxb5 26. h4 h5 27. g3 Bd7 28. Kg2 Re8 29. Rxe8+ Bxe8 30. Qe3 Bd7 31. Qc3 Bf5 32. Qc4 Kf8 33. Qa4 Ke7 34. Qa7+ Bd7 35. Qa5 Bf5 36. Qa7+ Kf8 37. Qa4 Bd3 38. Qa8+ Ke7 39. Qa7+ Kf6 40. Qa3 Bf5 41. Qc3+ Ke7 42. Qe3+ Kf8 43. Qc3 Kg8 44. Qa3 Bd7 45. Qc3 Bb5 46. Qa5 Be8 47. Qc3 Bd7 48. Qd3 Kg7 49. Qc3+ Kh7 50. Qa3 Qb6 51. Qc3 Qd6 52. Qa3 Kg7 53. Qc3+ Kg8 54. Qa3 Kg7 55. Qc3+ 1/2-1/2

[Event "European Online Club-ch-I 2021"]
[Site "Online"]
[Date "2021.03.27"]
[Round "3.8"]
[White "Klekowski, Maciej"]
[Black "Nayhebaver, Martin"]
[Result "1-0"]
[ECO "A14"]
[WhiteElo "2510"]
[BlackElo "2485"]
[Annotator "ChessBase"]
[PlyCount "61"]
[EventDate "2021.03.27"]
[EventType "team-tourn"]
[EventCountry "NET"]
[SourceTitle "playchess.com"]
[Source "ChessBase"]
[SourceQuality "1"]
[TimeControl "900+5"]

1. c4 e6 2. Nf3 Nf6 3. g3 Be7 4. Bg2 O-O 5. O-O d5 6. b3 b6 7. Bb2 Bb7 8. e3 c5 9. Nc3 dxc4 10. bxc4 Nc6 11. Qe2 Qd7 12. Rfd1 Rac8 13. Rac1 Rfd8 14. d4 cxd4 15. exd4 Na5 16. Ne5 Qe8 17. Bxb7 Nxb7 18. d5 Na5 19. dxe6 fxe6 20. Rxd8 Qxd8 21. Nb5 a6 22. Rd1 Qe8 23. Nd6 Bxd6 24. Rxd6 b5 25. Rxa6 Nxc4 26. Nxc4 bxc4 27. Rxe6 Qg6 28. Rxf6 gxf6 29. Qe6+ Kg7 30. Qd7+ Kh6 31. Bc1+ 1-0

[Event "European Online Club-ch-I 2021"]
[Site "Online"]
[Date "2021.03.27"]
[Round "3.9"]
[White "Iskandarov, Misratdin"]
[Black "Stephan, Victor"]
[Result "0-1"]
[ECO "B81"]
[WhiteElo "2535"]
[BlackElo "2430"]
[Annotator "ChessBase"]
[PlyCount "66"]
[EventDate "2021.03.27"]
[EventType "team-tourn"]
[EventCountry "NET"]
[SourceTitle "playchess.com"]
[Source "ChessBase"]
[SourceQuality "1"]
[TimeControl "900+5"]

1. e4 c5 2. Nf3 d6 3. d4 cxd4 4. Nxd4 Nf6 5. Nc3 a6 6. h3 e6 7. g4 Be7 8. Bg2 Nfd7 9. O-O Nc6 10. Nxc6 bxc6 11. f4 O-O 12. Ne2 d5 13. e5 a5 14. Nd4 Ba6 15. Rf3 Qb6 16. Kh1 c5 17. Ne2 f6 18. exf6 Nxf6 19. Ng3 Rad8 20. Qe1 d4 21. Bd2 Qd6 22. Bxa5 Rb8 23. Bc7 Qxc7 24. Qxe6+ Kh8 25. Qxa6 Rxb2 26. Qc4 Rfb8 27. g5 Ne8 28. Re1 Nd6 29. Qe2 Bf8 30. Rb3 Rxa2 31. Rxb8 Qxb8 32. Bd5 Ra7 33. Qe8 Nxe8 0-1

[Event "European Online Club-ch-I 2021"]
[Site "Online"]
[Date "2021.03.27"]
[Round "3.10"]
[White "Bilquez, Romain"]
[Black "Muradli, Mahammad"]
[Result "1-0"]
[ECO "C41"]
[WhiteElo "2276"]
[BlackElo "2449"]
[Annotator "NA"]
[PlyCount "207"]
[EventDate "2021.03.27"]
[EventType "team-tourn"]
[EventCountry "NET"]
[SourceTitle "playchess.com"]
[Source "ChessBase"]
[SourceQuality "1"]
[TimeControl "900+5"]

1. e4 d6 2. d4 Nf6 3. Nc3 e5 4. Nf3 exd4 5. Nxd4 Be7 6. Be2 O-O 7. O-O Re8 8. Re1 Nc6 9. Nxc6 bxc6 10. b3 Nd7 11. Bb2 Bf6 12. Bf1 Nc5 13. f3 Be6 14. Rb1 a5 15. Ne2 Bxb2 16. Rxb2 a4 17. Qd4 Qb8 18. Nc3 Qb6 19. Rbb1 a3 20. Red1 f6 21. Kh1 Kh8 22. Bc4 Bxc4 23. Qxc4 Reb8 24. Ne2 Qa6 25. Qxa6 Nxa6 26. c3 Rb6 27. Nd4 Kg8 28. Nc2 Nb8 29. Kg1 Nd7 30. Kf2 Kf7 31. Ke3 h5 32. Rd2 c5 33. c4 Ne5 34. Rbd1 h4 35. g3 Rbb8 36. f4 Nc6 37. Kf3 hxg3 38. hxg3 Re8 39. Rh1 Re7 40. g4 Rae8 41. Re2 Kg8 42. Rh5 Kf7 43. Rh7 Ra8 44. Rg2 Kg6 45. Rh4 Rae8 46. f5+ Kf7 47. g5 fxg5 48. Rxg5 Rb8 49. Rh7 Kf6 50. Rg6+ Ke5 51. Rgxg7 Rxg7 52. Rxg7 Rb7 53. Ke3 Nd4 54. Nxd4 cxd4+ 55. Kd3 Kf6 56. Rg6+ Ke5 57. Re6+ Kf4 58. Kxd4 Rxb3 59. f6 Kg5 60. f7 Rf3 61. Re7 c6 62. e5 dxe5+ 63. Kxe5 Kg6 64. Kd6 Kg7 65. Kxc6 Rf2 66. c5 Rxa2 67. Ra7 Ra1 68. Kc7 Kxf7 69. c6 a2 70. Kc8+ Ke6 71. c7 Ke7 72. Ra3 Kf7 73. Ra6 Ke7 74. Ra7 Kf6 75. Ra3 Ke7 76. Re3+ Kf7 77. Re2 Kf6 78. Rd2 Ke7 79. Re2+ Kf7 80. Rb2 Ke7 81. Rf2 Ke8 82. Rd2 Ke7 83. Re2+ Kf7 84. Rf2+ Ke7 85. Rh2 Kf7 86. Re2 Kf6 87. Rb2 Ke7 88. Rd2 Kf7 89. Kd8 Re1 90. Rxa2 Rd1+ 91. Kc8 Ke7 92. Re2+ Kd6 93. Rh2 Rb1 94. Rh6+ Ke7 95. Rh3 Ke8 96. Re3+ Kf7 97. Re5 Kf6 98. Re2 Kf7 99. Re3 Rb2 100. Re4 Rb1 101. Kd7 Rd1+ 102. Kc6 Rc1+ 103. Kd6 Rc2 104. Re5 1-0

[Event "European Online Club-ch-I 2021"]
[Site "Online"]
[Date "2021.03.27"]
[Round "3.11"]
[White "Shahaliyev, Ismayil"]
[Black "Martsynovskaya, Marina"]
[Result "1-0"]
[ECO "C73"]
[WhiteElo "2413"]
[BlackElo "2046"]
[Annotator "NA"]
[PlyCount "51"]
[EventDate "2021.03.27"]
[EventType "team-tourn"]
[EventCountry "NET"]
[SourceTitle "playchess.com"]
[Source "ChessBase"]
[SourceQuality "1"]
[TimeControl "900+5"]

1. e4 e5 2. Nf3 Nc6 3. Bb5 a6 4. Ba4 d6 5. Bxc6+ bxc6 6. d4 exd4 7. Qxd4 c5 8. Qd3 Ne7 9. Bg5 h6 10. Bh4 Be6 11. Nc3 Qd7 12. O-O g5 13. Bg3 f5 14. exf5 Nxf5 15. Rfe1 Kf7 16. Rxe6 Qxe6 17. Re1 Qxe1+ 18. Nxe1 Nd4 19. Nf3 Re8 20. h4 Bg7 21. Nxd4 Bxd4 22. Qf5+ Bf6 23. Nd5 Re1+ 24. Kh2 Re6 25. Nxc7 Re7 26. Bxd6 1-0

[Event "European Online Club-ch-I 2021"]
[Site "Online"]
[Date "2021.03.27"]
[Round "3.12"]
[White "Devallee, Jeremie"]
[Black "Bashirli, Nail"]
[Result "0-1"]
[ECO "B03"]
[WhiteElo "2220"]
[BlackElo "2382"]
[Annotator "NA"]
[PlyCount "66"]
[EventDate "2021.03.27"]
[EventType "team-tourn"]
[EventCountry "NET"]
[SourceTitle "playchess.com"]
[Source "ChessBase"]
[SourceQuality "1"]
[TimeControl "900+5"]

1. e4 Nf6 2. e5 Nd5 3. c4 Nb6 4. d4 d6 5. exd6 cxd6 6. Nc3 g6 7. Be3 Bg7 8. Rc1 O-O 9. b3 Bf5 10. g4 Bc8 11. h4 Nc6 12. h5 e5 13. d5 Nd4 14. g5 Bf5 15. Bd3 Nd7 16. hxg6 fxg6 17. Ne4 Bxe4 18. Bxe4 Nc5 19. Bb1 Nf5 20. Qg4 Nxe3 21. fxe3 e4 22. Qh4 Rf5 23. Qxh7+ Kf7 24. b4 Qxg5 25. bxc5 Rh8 26. Qxh8 Bxh8 27. Ne2 Qg2 28. Rg1 Qf2+ 29. Kd2 Rf3 30. Rcf1 Qxe3+ 31. Kd1 dxc5 32. Bc2 Bg7 33. Re1 Bh6 0-1

[Event "European Online Club-ch-I 2021"]
[Site "Online"]
[Date "2021.03.27"]
[Round "3.13"]
[White "Javakhishvili, Lela"]
[Black "Bulockin, Martin"]
[Result "1-0"]
[ECO "A37"]
[WhiteElo "2473"]
[BlackElo "2315"]
[Annotator "ChessBase"]
[PlyCount "63"]
[EventDate "2021.03.27"]
[EventType "team-tourn"]
[EventCountry "NET"]
[SourceTitle "playchess.com"]
[Source "ChessBase"]
[SourceQuality "1"]
[TimeControl "900+5"]

1. Nf3 c5 2. c4 Nc6 3. g3 g6 4. Bg2 Bg7 5. Nc3 e5 6. d3 d6 7. Nd2 Nge7 8. Nf1 Nf5 9. a3 O-O 10. Rb1 a5 11. Ne3 Nxe3 12. Bxe3 Be6 13. Qd2 f5 14. Nd5 Rb8 15. Bg5 Qd7 16. b4 axb4 17. axb4 b5 18. cxb5 Rxb5 19. O-O Rfb8 20. Nf6+ Bxf6 21. Bxf6 Nxb4 22. f4 exf4 23. Ba1 d5 24. Be5 Ra8 25. Qxf4 Rba5 26. g4 Nc6 27. gxf5 Bxf5 28. Rb7 Qxb7 29. Bxd5+ Kf8 30. Qh6+ Ke8 31. Rxf5 Ra1+ 32. Kg2 1-0

[Event "European Online Club-ch-I 2021"]
[Site "Online"]
[Date "2021.03.27"]
[Round "3.14"]
[White "Mladek, Richard"]
[Black "Bulmaga, Irina"]
[Result "0-1"]
[ECO "B53"]
[WhiteElo "2291"]
[BlackElo "2440"]
[Annotator "NA"]
[PlyCount "84"]
[EventDate "2021.03.27"]
[EventType "team-tourn"]
[EventCountry "NET"]
[SourceTitle "playchess.com"]
[Source "ChessBase"]
[SourceQuality "1"]
[TimeControl "900+5"]

1. e4 c5 2. Nf3 d6 3. d4 cxd4 4. Qxd4 Nf6 5. Nc3 Nc6 6. Bb5 e5 7. Qd3 h6 8. O-O a6 9. Bc4 Be7 10. a4 O-O 11. h3 Nb4 12. Qd1 b6 13. Re1 Qc7 14. Bb3 Be6 15. Nh4 d5 16. exd5 Nfxd5 17. Nxd5 Nxd5 18. Nf3 Rfd8 19. Qe2 f6 20. Nd4 Bf7 21. Nf5 Bf8 22. Qg4 Kh8 23. Qf3 Nb4 24. Be3 Bxb3 25. cxb3 Bc5 26. Bxc5 bxc5 27. Rad1 Nc2 28. Rf1 Nd4 29. Qg4 Rab8 30. Nh4 Rxb3 31. Ng6+ Kg8 32. f4 Rg3 33. Qh5 Qb7 34. Rd2 Qf7 35. f5 e4 36. Kh2 Rg5 37. Qh4 e3 38. Rd3 e2 39. Rf4 Re8 40. Re4 Nxf5 41. Rxe8+ Qxe8 42. Qc4+ Kh7 0-1

[Event "European Online Club-ch-I 2021"]
[Site "Online"]
[Date "2021.03.27"]
[Round "3.15"]
[White "Atalik, Ekaterina"]
[Black "Sprenar, Petr"]
[Result "0-1"]
[ECO "D35"]
[WhiteElo "2430"]
[BlackElo "2259"]
[Annotator "NA"]
[PlyCount "108"]
[EventDate "2021.03.27"]
[EventType "team-tourn"]
[EventCountry "NET"]
[SourceTitle "playchess.com"]
[Source "ChessBase"]
[SourceQuality "1"]
[TimeControl "900+5"]

1. d4 d5 2. c4 e6 3. Nc3 Nf6 4. cxd5 exd5 5. Bg5 c6 6. e3 Be7 7. Bd3 Nbd7 8. Nge2 h6 9. Bh4 Nh5 10. Bxe7 Qxe7 11. O-O O-O 12. a3 a5 13. Rc1 Nb6 14. Ng3 Nxg3 15. hxg3 a4 16. Qf3 Be6 17. Qf4 Rfc8 18. Rfe1 Qc7 19. Qh4 Qd8 20. Qxd8+ Rxd8 21. f3 f5 22. Kf2 Nc4 23. Bxc4 dxc4 24. Red1 b5 25. e4 fxe4 26. fxe4 Bg4 27. Rd2 Rd7 28. Ke3 Rad8 29. d5 Be6 30. Rcd1 cxd5 31. Nxd5 Bg4 32. Ne7+ Kf7 33. Rxd7 Rxd7 34. Rxd7 Bxd7 35. Nd5 Ke6 36. Kd4 g5 37. Ne3 h5 38. Nd5 Bc6 39. Kc5 Bb7 40. Kxb5 Ke5 41. Nc3 h4 42. gxh4 gxh4 43. Kxa4 Kf4 44. Kb5 Kg3 45. Kb6 Kxg2 46. Kxb7 h3 47. Nd5 h2 48. Ne3+ Kf3 49. Nxc4 h1=Q 50. Nd6 Kf4 51. Kc6 Qc1+ 52. Kd7 Qxb2 53. a4 Qb4 54. Ke6 Qxa4 0-1

[Event "European Online Club-ch-I 2021"]
[Site "Online"]
[Date "2021.03.27"]
[Round "3.16"]
[White "Stinka, Jakub"]
[Black "Daulyte-Cornette, Deimante"]
[Result "1-0"]
[ECO "E12"]
[WhiteElo "2232"]
[BlackElo "2387"]
[Annotator "NA"]
[PlyCount "111"]
[EventDate "2021.03.27"]
[EventType "team-tourn"]
[EventCountry "NET"]
[SourceTitle "playchess.com"]
[Source "ChessBase"]
[SourceQuality "1"]
[TimeControl "900+5"]

1. d4 Nf6 2. c4 e6 3. Nf3 b6 4. a3 Bb7 5. Nc3 Ne4 6. Nxe4 Bxe4 7. Nd2 Bg6 8. g3 d5 9. Bg2 c6 10. O-O Be7 11. e4 dxe4 12. Nxe4 Nd7 13. h4 Rc8 14. h5 Bf5 15. Bf4 h6 16. Nd6+ Bxd6 17. Bxd6 Nf6 18. c5 Ne4 19. Bxe4 Bxe4 20. Qg4 Bf5 21. Qxg7 Rh7 22. Qe5 Qg5 23. Rfe1 Qxh5 24. d5 Bg4 25. Qxh5 Bxh5 26. dxe6 fxe6 27. Rxe6+ Kd7 28. Rae1 Re8 29. Rxe8 Bxe8 30. f4 Bh5 31. Kf2 Bg4 32. Re5 Rf7 33. Ke3 Bf5 34. Kf3 h5 35. b4 Bg4+ 36. Ke4 Rh7 37. f5 a5 38. Kf4 axb4 39. axb4 bxc5 40. Bxc5 Bd1 41. Re3 Bg4 42. Kg5 Rg7+ 43. Kf6 Rh7 44. Kg6 Rh8 45. f6 Be6 46. Rxe6 Kxe6 47. f7 h4 48. gxh4 Rxh4 49. f8=Q Rg4+ 50. Kh5 Re4 51. Qd6+ Kf5 52. Qxc6 Re5 53. b5 Kf4+ 54. Kh4 Re2 55. Bd6+ Kf5 56. Qf3+ 1-0

[Event "European Online Club-ch-I 2021"]
[Site "Online"]
[Date "2021.03.27"]
[Round "3.17"]
[White "Arnaudov, G. Petar"]
[Black "Sorensen, Jan"]
[Result "1-0"]
[ECO "D02"]
[WhiteElo "2471"]
[BlackElo "2369"]
[Annotator "ChessBase"]
[PlyCount "69"]
[EventDate "2021.03.27"]
[EventType "team-tourn"]
[EventCountry "NET"]
[SourceTitle "playchess.com"]
[Source "ChessBase"]
[SourceQuality "1"]
[TimeControl "900+5"]

1. d4 e6 2. Nf3 Nf6 3. g3 c5 4. Bg2 cxd4 5. O-O d5 6. Nxd4 e5 7. Nb3 h6 8. c3 Be7 9. c4 d4 10. e3 d3 11. Nc3 Nc6 12. Nd5 Bf5 13. e4 Nxe4 14. Qxd3 Nd6 15. Qe2 O-O 16. Be3 Qc8 17. Rfd1 Rd8 18. c5 Ne8 19. Nxe7+ Nxe7 20. Rxd8 Qxd8 21. Bxb7 Rb8 22. Bg2 Qc7 23. f4 Nf6 24. h3 Nfd5 25. Rf1 exf4 26. Bd4 f6 27. Qf2 Bd3 28. Rd1 fxg3 29. Qf3 Bg6 30. Re1 Bf7 31. Nc1 Rd8 32. Ne2 Ng6 33. Qxg3 Ndf4 34. Bf2 Nxg2 35. Qxc7 1-0

[Event "European Online Club-ch-I 2021"]
[Site "Online"]
[Date "2021.03.27"]
[Round "3.18"]
[White "Vinter-Schou, Uffe"]
[Black "Godart, Francois"]
[Result "1-0"]
[ECO "C02"]
[WhiteElo "2320"]
[BlackElo "2422"]
[Annotator "NA"]
[PlyCount "59"]
[EventDate "2021.03.27"]
[EventType "team-tourn"]
[EventCountry "NET"]
[SourceTitle "playchess.com"]
[Source "ChessBase"]
[SourceQuality "1"]
[TimeControl "900+5"]

1. e4 e6 2. d4 d5 3. e5 c5 4. c3 Qb6 5. Nf3 Nc6 6. Be2 cxd4 7. cxd4 Nh6 8. Bxh6 Qxb2 9. Nc3 Qxc3+ 10. Bd2 Qa3 11. O-O Be7 12. Rb1 O-O 13. Qc2 f6 14. Rb3 Qa4 15. Bb5 Nxd4 16. Qc7 Nxb5 17. Qxe7 Nd4 18. Nxd4 Qxd4 19. Bb4 Bd7 20. Qxd7 Rf7 21. Qxe6 Qxe5 22. Re1 Qxe6 23. Rxe6 Rc8 24. g3 Rd7 25. Rd6 Rxd6 26. Bxd6 b6 27. Rd3 Rd8 28. Rxd5 Kf7 29. Rd2 Ke6 30. Bf4 1-0

[Event "European Online Club-ch-I 2021"]
[Site "Online"]
[Date "2021.03.27"]
[Round "3.19"]
[White "Marechal, Andy"]
[Black "Boe, Mads"]
[Result "0-1"]
[ECO "B18"]
[WhiteElo "2332"]
[BlackElo "2250"]
[Annotator "NA"]
[PlyCount "54"]
[EventDate "2021.03.27"]
[EventType "team-tourn"]
[EventCountry "NET"]
[SourceTitle "playchess.com"]
[Source "ChessBase"]
[SourceQuality "1"]
[TimeControl "900+5"]

1. e4 c6 2. d4 d5 3. Nc3 dxe4 4. Nxe4 Bf5 5. Ng3 Bg6 6. h4 h6 7. N1e2 Nf6 8. Nf4 Bh7 9. Bc4 e6 10. O-O Nd5 11. Bxd5 cxd5 12. Qh5 g6 13. Qe5 Rg8 14. Re1 Be7 15. c4 Nc6 16. Qe2 g5 17. hxg5 hxg5 18. Qh5 Bg6 19. Nxg6 Rxg6 20. Qh8+ Kd7 21. Qxd8+ Rxd8 22. cxd5 Nxd4 23. dxe6+ Rxe6 24. Rxe6 Kxe6 25. Be3 Nc2 26. Rc1 Nxe3 27. Re1 Rd1 0-1

[Event "European Online Club-ch-I 2021"]
[Site "Online"]
[Date "2021.03.27"]
[Round "3.20"]
[White "Rendboe, John Filip"]
[Black "Dishman, Stephen"]
[Result "1/2-1/2"]
[ECO "D14"]
[WhiteElo "2169"]
[BlackElo "2316"]
[Annotator "NA"]
[PlyCount "127"]
[EventDate "2021.03.27"]
[EventType "team-tourn"]
[EventCountry "NET"]
[SourceTitle "playchess.com"]
[Source "ChessBase"]
[SourceQuality "1"]
[TimeControl "900+5"]

1. d4 d5 2. c4 c6 3. cxd5 cxd5 4. Nc3 Nf6 5. Nf3 Nc6 6. Bf4 Bf5 7. e3 e6 8. Bb5 Bb4 9. O-O O-O 10. Rc1 Rc8 11. Qa4 Bxc3 12. Rxc3 Ne4 13. Rcc1 g5 14. Bxc6 Rxc6 15. Rxc6 bxc6 16. Bg3 h5 17. Qxc6 h4 18. Bc7 Qe8 19. Qxe8 Rxe8 20. Rc1 Rc8 21. Ne5 Nd6 22. Rc6 Ne8 23. Ba5 Nd6 24. Rxc8+ Nxc8 25. Bd8 g4 26. Bxh4 Nb6 27. Be7 Bb1 28. Nxg4 Bxa2 29. Bc5 Nc4 30. Bxa7 Nxb2 31. h4 Nc4 32. Bc5 Kg7 33. g3 f5 34. Nh2 Nd2 35. Kg2 Bb1 36. f3 Bd3 37. g4 Kg6 38. Kf2 Nc4 39. Be7 e5 40. dxe5 Nxe5 41. gxf5+ Bxf5 42. Kg3 Bc8 43. Ng4 Nd3 44. Bd6 Be6 45. Ne5+ Nxe5 46. Bxe5 Kf5 47. Bd4 Bf7 48. Bb6 Bh5 49. Bd8 Bg6 50. Bg5 Bh5 51. Bf4 Bg6 52. Bb8 Bh5 53. Kf2 Bg6 54. Ke2 Bh5 55. Bg3 Ke6 56. Kf2 Kf5 57. Bc7 Bg6 58. Kg3 Bh5 59. Bd6 Bg6 60. e4+ dxe4 61. fxe4+ Kxe4 62. Kg4 Be8 63. h5 Bxh5+ 64. Kxh5 1/2-1/2

[Event "European Online Club-ch-I 2021"]
[Site "Online"]
[Date "2021.03.27"]
[Round "4.1"]
[White "Verdier, Patrice"]
[Black "Sorensen, Jan"]
[Result "0-1"]
[ECO "E20"]
[WhiteElo "2109"]
[BlackElo "2369"]
[Annotator "NA"]
[PlyCount "76"]
[EventDate "2021.03.27"]
[EventType "team-tourn"]
[EventCountry "NET"]
[SourceTitle "playchess.com"]
[Source "ChessBase"]
[SourceQuality "1"]
[TimeControl "900+5"]

1. d4 e6 2. c4 Nf6 3. Nc3 Bb4 4. f3 Nc6 5. d5 Ne5 6. e4 b6 7. Bg5 h6 8. Bh4 O-O 9. a3 Be7 10. f4 Ng6 11. Bg3 d6 12. e5 Nd7 13. dxe6 fxe6 14. Qg4 Nh4 15. Qxe6+ Kh8 16. Nd5 Nf5 17. Nxe7 Nxe7 18. exd6 Nf5 19. O-O-O Nxd6 20. Bd3 Nc5 21. Qg6 Nxd3+ 22. Qxd3 Bf5 23. Qc3 Qe8 24. Nf3 Qe4 25. Nd2 Qc6 26. Rhe1 Rf7 27. Re5 Raf8 28. Rde1 a5 29. Bh4 Qxg2 30. Be7 Rg8 31. Bxd6 cxd6 32. Rd5 Qxh2 33. Rxd6 Qxf4 34. Rxb6 Kh7 35. Qxa5 Rc7 36. Qe5 Rxc4+ 37. Kd1 Bg4+ 38. Re2 Qxe5 0-1

[Event "European Online Club-ch-I 2021"]
[Site "Online"]
[Date "2021.03.27"]
[Round "4.2"]
[White "Vinter-Schou, Uffe"]
[Black "Van Hoolandt, Patrick"]
[Result "1-0"]
[ECO "C48"]
[WhiteElo "2320"]
[BlackElo "2017"]
[Annotator "NA"]
[PlyCount "71"]
[EventDate "2021.03.27"]
[EventType "team-tourn"]
[EventCountry "NET"]
[SourceTitle "playchess.com"]
[Source "ChessBase"]
[SourceQuality "1"]
[TimeControl "900+5"]

1. e4 e5 2. Nf3 Nc6 3. Nc3 Nf6 4. Bb5 Bd6 5. d3 h6 6. a3 O-O 7. g4 Nd4 8. Bc4 Nh7 9. Be3 Nxf3+ 10. Qxf3 Qh4 11. h3 Be7 12. Nd5 Bd8 13. Bd2 c6 14. Ne3 Ng5 15. Qg2 g6 16. O-O-O b5 17. Bb3 d6 18. f4 exf4 19. Be1 f3 20. Qf1 Qxe1 21. Rxe1 a5 22. h4 Nh7 23. Qxf3 a4 24. Ba2 b4 25. Ref1 Ra7 26. axb4 a3 27. bxa3 Rxa3 28. Bxf7+ Kg7 29. h5 Bf6 30. hxg6 Bc3 31. Kd1 Ng5 32. Nf5+ Kf6 33. Qg3 Nxe4 34. Nxd6+ Kg7 35. Nxe4 Bxb4 36. Qe5# 1-0

[Event "European Online Club-ch-I 2021"]
[Site "Online"]
[Date "2021.03.27"]
[Round "4.3"]
[White "Meylan, Pierre"]
[Black "Boe, Mads"]
[Result "0-1"]
[ECO "B18"]
[WhiteElo "2053"]
[BlackElo "2250"]
[Annotator "NA"]
[PlyCount "62"]
[EventDate "2021.03.27"]
[EventType "team-tourn"]
[EventCountry "NET"]
[SourceTitle "playchess.com"]
[Source "ChessBase"]
[SourceQuality "1"]
[TimeControl "900+5"]

1. e4 c6 2. d4 d5 3. Nd2 dxe4 4. Nxe4 Bf5 5. Ng3 Bg6 6. Nf3 Nf6 7. Bd3 e6 8. O-O Nbd7 9. c4 Be7 10. b3 O-O 11. Bb2 a5 12. Re1 a4 13. Bxg6 hxg6 14. Qd2 Qb6 15. Qc3 Bb4 16. Qd3 Bxe1 17. Rxe1 axb3 18. axb3 Ra2 19. Bc1 Ra1 20. Ne5 Nxe5 21. dxe5 Ng4 22. Qe2 Nh6 23. Ne4 Nf5 24. Qf3 Qd4 25. Ng5 Qxe5 26. Kf1 Qxh2 27. g3 Nd4 28. Qe4 e5 29. Bb2 f5 30. Bxd4 fxe4 31. Bxa1 Qxf2# 0-1

[Event "European Online Club-ch-I 2021"]
[Site "Online"]
[Date "2021.03.27"]
[Round "4.4"]
[White "Rendboe, John Filip"]
[Black "Rapaire, Jean-Michel"]
[Result "1-0"]
[ECO "B07"]
[WhiteElo "2169"]
[BlackElo "1739"]
[Annotator "NA"]
[PlyCount "73"]
[EventDate "2021.03.27"]
[EventType "team-tourn"]
[EventCountry "NET"]
[SourceTitle "playchess.com"]
[Source "ChessBase"]
[SourceQuality "1"]
[TimeControl "900+5"]

1. d4 d6 2. e4 e5 3. dxe5 dxe5 4. Qxd8+ Kxd8 5. Bc4 f6 6. Nc3 c6 7. a4 Kc7 8. Be3 Nd7 9. a5 Bc5 10. Bd2 Ne7 11. Nge2 Rd8 12. Na4 Bd6 13. O-O Nc5 14. Nxc5 Bxc5 15. Bc3 Bg4 16. b4 Bd6 17. Rfb1 a6 18. h3 Bxe2 19. Bxe2 Ng6 20. g3 Nf8 21. Bc4 Re8 22. Bd2 Rad8 23. Be3 Rd7 24. Be2 Kc8 25. c4 Ne6 26. b5 c5 27. bxa6 bxa6 28. Rb6 Bc7 29. Rxa6 Kb7 30. Rxe6 Rxe6 31. Bg4 Red6 32. a6+ Ka8 33. Bxc5 Rd8 34. Bxd6 Rxd6 35. Bc8 Rd4 36. a7 Rxc4 37. Bb7+ 1-0

[Event "European Online Club-ch-I 2021"]
[Site "Online"]
[Date "2021.03.27"]
[Round "4.5"]
[White "Hurdzan, Tomas"]
[Black "Arnaudov, G. Petar"]
[Result "0-1"]
[ECO "A25"]
[WhiteElo "2317"]
[BlackElo "2471"]
[Annotator "ChessBase"]
[PlyCount "116"]
[EventDate "2021.03.27"]
[EventType "team-tourn"]
[EventCountry "NET"]
[SourceTitle "playchess.com"]
[Source "ChessBase"]
[SourceQuality "1"]
[TimeControl "900+5"]

1. c4 e5 2. Nc3 Nc6 3. g3 Bc5 4. e3 d6 5. Bg2 a6 6. Nge2 Ba7 7. d4 h5 8. h3 h4 9. g4 f5 10. Qc2 exd4 11. exd4 Nxd4 12. Nxd4 Bxd4 13. gxf5 Ne7 14. Bg5 O-O 15. Be4 Bf6 16. Rg1 Nxf5 17. Bxf6 Qxf6 18. O-O-O c6 19. Qd2 Ne7 20. f3 Be6 21. Bc2 d5 22. Rde1 Rae8 23. cxd5 Nxd5 24. Ne4 Qf4 25. Ng5 Bc8 26. Bh7+ Kh8 27. Bg6 Rxe1+ 28. Rxe1 Qxd2+ 29. Kxd2 Nf4 30. Bc2 Nxh3 31. Nxh3 Bxh3 32. Re5 g6 33. Bxg6 Kg7 34. Be4 Bc8 35. Rh5 Rh8 36. Rxh8 Kxh8 37. Ke3 Kg7 38. Kf4 Kf6 39. a3 c5 40. Bd3 b5 41. Bf1 h3 42. Kg3 c4 43. f4 Be6 44. Be2 a5 45. Bf3 b4 46. axb4 axb4 47. Be2 c3 48. bxc3 b3 49. f5 Bxf5 50. Bc4 b2 51. Ba2 Ke5 52. Kh2 Kf4 53. c4 Be6 54. Bb1 Ke3 55. c5 Kd2 56. c6 Kc1 57. Be4 b1=Q 58. Bxb1 Kxb1 0-1